Map: Jagannatha LE

Players

A.I. 1 (Very Easy) - Winner!

  • Race: Zerg Zerg
  • Spawn Location: 1:00

Dragon

  • Race: Terran Terran
  • League: Platinum
  • Spawn Location: 7:00

VOD

Have the link to the VOD?

Description

Time

  • Played on: Dec. 21, 2020, 12:50 a.m.
  • Length: 7:20
Show
View Real Time Build Order
Export as new Build Order

A.I. 1 (Very Easy) Zerg - Winner!

Build Orders: Pool First 

Get SALT Encoding   

  12  0:00  Drone  
  13  0:12  Overlord  
  13  0:16  Drone  
  14  0:38  Spawning Pool  
  14  0:39  Extractor  
  14  0:40  Drone  
  13  0:47  Drone  
  14  0:53  Overlord  
  14  1:24  Zergling x2  
  15  1:26  Queen  
  15  1:31  Roach Warren  
  16  1:34  Drone  
  16  1:38  Extractor  
  16  1:43  Drone  
  16  1:44  Zergling x2  
  18  1:56  Drone  
  19  2:03  Zergling x2  
  19  2:07  Drone  
  21  2:18  Drone  
  22  2:29  Drone  
  23  2:33  Overlord  
  23  2:36  Drone  
  24  2:43  Drone  
  25  5:54  Drone  
  25  5:55  Lair  
  26  6:02  Drone  
  27  6:09  Drone  
  28  6:16  Drone  
  28  6:18  Overlord  
  29  6:23  Drone  
  29  6:24  Zergling x2  
  28  6:30  Drone  
  29  6:49  Zergling x2  
  29  6:53  Overseer x2  
  30  6:58  Spire  
  30  7:16  Hatchery  
Show
View Real Time Build Order
Export as new Build Order

Dragon Terran 

Build Orders: Hellion Banshee, Mech 

Get SALT Encoding   

  12  0:00  SCV  
  13  0:12  SCV  
  14  0:17  Supply Depot  
  14  0:24  SCV  
  15  0:31  Refinery  
  15  0:39  SCV  
  16  0:46  Barracks  
  16  0:51  SCV  
  17  1:03  SCV  
  18  1:15  SCV  
  19  1:27  SCV  
  20  1:33  Reaper  
  21  1:40  Supply Depot  
  21  1:41  Orbital Command  
  21  1:47  Refinery  
  21  1:52  Factory  
  21  2:10  SCV  
  22  2:21  Barracks Reactor  
  22  2:23  Command Center  
  22  2:28  SCV  
  23  2:40  Starport  
  23  2:49  SCV  
  24  3:04  Hellion  
  24  3:05  Hellion  
  28  3:06  SCV, Barracks Tech Lab  
  29  3:18  SCV  
  30  3:37  Hellion x2  
  30  3:40  SCV, Barracks Tech Lab, Factory  
  36  3:42  Orbital Command  
  35  3:50  Banshee  
  35  3:51  Cloaking Field  
  35  3:52  SCV  
  39  3:59  Hellion  
  39  4:01  Hellion  
  43  4:05  Supply Depot  
  43  4:26  Command Center  
  43  4:30  Barracks Tech Lab  
  43  4:49  SCV x2  
  45  4:56  Factory  
  45  5:16  SCV x2, Starport Reactor  
  45  5:20  Siege Tank  
  53  5:21  Siege Tank  
  53  5:26  Armory  
  53  5:30  Supply Depot  
  53  5:48  Orbital Command  
  53  5:53  Siege Tank  
  56  5:59  Siege Tank  
  59  6:05  Refinery  
  59  6:07  Refinery  
  59  6:17  Orbital Command  
  59  6:21  SCV x2  
  61  6:27  Siege Tank  
  64  6:33  SCV x2  
  66  6:45  SCV  
  66  6:46  SCV  
  71  6:47  SCV  
  72  6:55  Supply Depot  
  72  6:58  SCV x2, Supply Depot  
  76  7:07  Refinery  
  80  7:17  Supply Depot  
Tags
 
League
Platinum
Matchup
TvZ
Opening
Pool First
Spawn Locations
Cross Positions
Add a new tag
Caveats
  • Supply blocks, unpowered buildings, or Contaminate may cause inaccurate times.
  • Supply counts are checked every 10 seconds.